 Dungeon Crawl Stone Soup version 0.17.0-28-g6e173f8 (webtiles) character file.

3101 septik the Basher (level 9, -4/43 HPs)
             Began as a Vine Stalker Fighter on Nov 22, 2015.
             Was a Believer of Okawaru.
             Slain by a wasp (9 damage)
             ... on level 9 of the Dungeon.
             The game lasted 00:17:11 (6348 turns).

septik the Basher (Vine Stalker Fighter)            Turns: 6348, Time: 00:17:11

Health: -4/43      AC: 11    Str: 21    XL:     9   Next: 90%
Magic:  0/10       EV: 12    Int: 11    God:    Okawaru [**....]
Gold:   252        SH: 12    Dex: 19    Spells: 0 memorised, 8 levels left

rFire  + . .     SeeInvis .     K - +0 whip (elec)
rCold  + . .     Clarity  .     P - +1 scale mail of Salvation {rF+ rC+}
rNeg   . . .     SustAt   .     c - +0 shield
rPois  .         Gourm    +     (no helmet)
rElec  .         Spirit   +     (no cloak)
rCorr  .         Warding  .     D - +0 pair of gloves
rMut   .         Stasis   .     H - +0 pair of boots
MR     +....                    q - amulet of the gourmand
Stlth  ++........               F - +4 ring of dexterity
                                S - +3 ring of intelligence

@: heroism, slowed, very slow, somewhat resistant to hostile enchantments,
unstealthy
A: fangs 3, regeneration 2, magic shield, antimagic bite, no device heal 3, rot
immunity
a: Heroism, Renounce Religion


You were on level 9 of the Dungeon.
You worshipped Okawaru.
Okawaru was pleased with you.
You were very full.

You visited 2 branches of the dungeon, and saw 10 of its levels.

You collected 387 gold pieces.
You spent 135 gold pieces at shops.

Inventory:

Hand Weapons
 a - a +0 flail
 y - a +1 flail of protection
 K - a +0 whip of electrocution (weapon)
Missiles
 i - 156 stones (quivered)
Armour
 c - a +0 shield (worn)
 B - a +0 chain mail
 D - a +0 pair of gloves (worn)
 H - a +0 pair of boots (worn)
 J - a +2 chain mail of magic resistance
 P - the +1 scale mail of Salvation (worn) {rF+ rC+}
   (You found it on level 8 of the Dungeon)

   It protects you from fire.
   It protects you from cold.
Jewellery
 p - an uncursed ring of protection from fire
 q - an amulet of the gourmand (around neck)
 F - a +4 ring of dexterity (right hand)
 S - a +3 ring of intelligence (left hand)
Wands
 x - a wand of enslavement (5)
 L - a wand of slowing (21)
Scrolls
 l - 2 scrolls of fog {unknown}
 o - 6 scrolls of remove curse
 r - a scroll of recharging {unknown}
 s - 2 scrolls of enchant weapon {unknown}
 t - 3 scrolls of blinking {unknown}
 A - a scroll of random uselessness {unknown}
 E - a scroll of amnesia {unknown}
 O - a scroll of identify
 R - a scroll of teleportation {unknown}
Potions
 b - 2 potions of poison {unknown}
 d - 4 potions of might
 f - 2 potions of cure mutation {unknown}
 g - a potion of brilliance
 h - a potion of mutation {unknown}
 j - a potion of agility {unknown}
 k - 4 potions of curing
 m - a potion of degeneration {unknown}
 u - 5 potions of heal wounds {unknown}
 z - a potion of beneficial mutation {unknown}
 C - a potion of magic {unknown}
 G - 2 potions of haste {unknown}
 I - 2 potions of flight {unknown}
 Q - a potion of resistance {unknown}
Comestibles
 e - 5 bread rations
 n - 8 meat rations
 v - 12 fruits
 w - a royal jelly
 M - a beef jerky
 N - 3 chunks of flesh


   Skills:
 - Level 2.6(7.6) Fighting
 + Level 12.2(17.2) Maces & Flails
 - Level 2.4(7.4) Armour
 - Level 2.6(7.6) Shields


You had 8 spell levels left.
You didn't know any spells.

Dungeon Overview and Level Annotations

Branches:
Dungeon (9/15)             Temple (1/1) D:5
   Lair: D:8-11         Orc: D:9-12

Altars:
Ashenzari
Cheibriados
Dithmenos
Elyvilon
Fedhas
Gozag
Kikubaaqudgha
Makhleb
Nemelex Xobeh
Okawaru
Qazlal
Ru
Sif Muna
Trog
Vehumet
Xom
Yredelemnul
Zin
The Shining One

Shops:
D:7 [

Annotations:
D:9 MDvedh's ghost, novice GrNe


Innate Abilities, Weirdness & Mutations

You have razor-sharp teeth.
You heal very quickly.
When hurt, damage is shared between your health and your magic reserves.
Your bite disrupts and absorbs the magic of your enemies.
Potions and wands cannot restore your health.
You are immune to rotting.


Message History

* * * LOW HITPOINT WARNING * * *
You are more poisoned.
You suddenly lose the ability to move!
* * * LOW HITPOINT WARNING * * *
You feel very sick. The wasp barely misses you.
* * * LOW HITPOINT WARNING * * *
You feel sick. The wasp stings you.
* * * LOW HITPOINT WARNING * * *
You feel as though you will be slow longer.
The wasp stings you but does no damage.
You can move again.
Drink which item? (? for menu, Esc to quit)
It was a potion of curing.
You feel better. You block the wasp's attack.
The wasp stings you but does no damage.
Drink which item? (? for menu, Esc to quit)
You have no ailments to cure.
You gain the combat prowess of a mighty hero.
You feel slightly less full. The wasp stings you!
You die...

..########.#
...........#
.########..#
## .# #..#
##.# .# #..#
#.#†## .#
#..# ##.#.#
.#
#..####.#.##
.#
#.....##y#.#
.#
#.....##@####
#..###..#...#
#..# ##.#...#
#..# #.....#
#..# ####..#
#..# #..#
#..# #..# .#
#..# #..# .#
#..#


You could see a wasp.

Vanquished Creatures
  Pikel (D:7)
  A wyvern (D:8)
  Sigmund (D:6)
  Eustachio (D:4)
  Edmund (D:4)
  A phantom (D:6)
  An ice beast (D:8)
  5 ogres
  2 wasps (D:9)
  A brain worm (D:9)
  A giant frog (D:8)
  A scorpion (D:5)
  3 wights (D:6)
  2 crimson imps
  A giant frog zombie (D:5)
  A jelly (D:6)
  A gnoll shaman (D:7)
  A quasit (D:8)
  A giant frog skeleton (D:6)
  2 hounds
  4 orc wizards
  2 iguanas
  6 worker ants
  A hound skeleton (D:6)
  19 gnolls
  A worker ant zombie (D:5)
  5 adders
  2 shadow imps (D:5)
  An adder zombie (D:7)
  5 worms
  An adder skeleton (D:4)
  3 giant geckos
  15 orcs
  4 giant cockroaches
  5 goblins
  5 hobgoblins
  16 jackals
  3 kobolds
  11 quokkas
  A ball python (D:3)
  7 bats
  A giant cockroach zombie (D:5)
  2 giant gecko skeletons
  2 giant newts
  A jackal zombie (D:7)
  A quokka skeleton (D:9)
  8 rats
161 creatures vanquished.

Vanquished Creatures (others)
  A giant newt (D:7)
1 creature vanquished.

Grand Total: 162 creatures vanquished

Notes
Turn   | Place    | Note
--------------------------------------------------------------
     0 | D:1      | septik the Vine Stalker Fighter began the quest for the Orb.
     0 | D:1      | Reached XP level 1. HP: 11/11 MP: 2/2
   109 | D:1      | Reached XP level 2. HP: 16/16 MP: 3/3
   330 | D:1      | Reached skill level 3 in Maces & Flails
   330 | D:1      | Reached XP level 3. HP: 14/19 MP: 4/4
   635 | D:2      | Reached XP level 4. HP: 14/23 MP: 2/5
   810 | D:2      | Reached skill level 4 in Maces & Flails
   892 | D:2      | Found a deep blue altar of Sif Muna.
  1502 | D:3      | Reached XP level 5. HP: 27/27 MP: 6/6
  1833 | D:4      | Noticed Edmund
  1868 | D:4      | Killed Edmund
  1868 | D:4      | Reached skill level 5 in Maces & Flails
  1868 | D:4      | Gained mutation: You heal very quickly. [Vine Stalker growth]
  1868 | D:4      | Reached XP level 6. HP: 14/32 MP: 3/7
  2071 | D:4      | Noticed Eustachio
  2074 | D:4      | Reached skill level 6 in Maces & Flails
  2157 | D:4      | Killed Eustachio
  2157 | D:4      | Reached XP level 7. HP: 29/35 MP: 8/8
  2271 | D:4      | Noticed a hippogriff
  2419 | D:5      | Entered Level 5 of the Dungeon
  2594 | D:5      | Reached skill level 7 in Maces & Flails
  2732 | D:5      | Found a white marble altar of Elyvilon.
  2825 | D:5      | Found a glowing silver altar of Zin.
  2853 | D:5      | Found a sacrificial altar of Ru.
  3089 | D:5      | Reached skill level 8 in Maces & Flails
  3141 | D:5      | Gained mutation: You have razor-sharp teeth. [Vine Stalker growth]
  3141 | D:5      | Reached XP level 8. HP: 39/39 MP: 9/9
  3296 | D:5      | Found a staircase to the Ecumenical Temple.
  3310 | Temple   | Entered the Ecumenical Temple
  3479 | Temple   | Became a worshipper of Warmaster Okawaru
  3590 | D:6      | Reached skill level 9 in Maces & Flails
  3612 | D:6      | Found a sparkling altar of Nemelex Xobeh.
  3691 | D:6      | Reached * piety under Okawaru
  3702 | D:6      | Noticed Sigmund
  3715 | D:6      | Killed Sigmund
  3715 | D:6      | Reached skill level 10 in Maces & Flails
  4029 | D:6      | Reached XP level 9. HP: 43/43 MP: 10/10
  4597 | D:7      | Noticed Pikel
  4680 | D:7      | Killed Pikel
  4680 | D:7      | Reached ** piety under Okawaru
  4680 | D:7      | Reached skill level 11 in Maces & Flails
  4807 | D:7      | Found Zuighu's Antique Armour Shop.
  4817 | D:7      | Bought a glowing chain mail for 135 gold pieces
  5056 | D:8      | Found a shattered altar of Ashenzari.
  5237 | D:8      | Got a smelly scale mail
  5248 | D:8      | Identified the +1 scale mail of Salvation {rF+ rC+} (You found it on level 8 of the Dungeon)
  5422 | D:8      | Found a shadowy altar of Dithmenos.
  5986 | D:8      | Found an ancient bone altar of Kikubaaqudgha.
  6096 | D:9      | Found a blossoming altar of Fedhas.
  6108 | D:9      | Reached skill level 12 in Maces & Flails
  6110 | D:9      | Noticed MDvedh's ghost (novice GrNe)
  6344 | D:9      | Paralysed by a wasp for 3 turns
  6348 | D:9      | Slain by a wasp

Action                   |  1- 3 |  4- 6 |  7- 9 || total
-------------------------+-------+-------+-------++-------
Melee: Flail             |    70 |   200 |   277 ||   547
       Whip              |       |       |   101 ||   101
Invok: Heroism           |       |       |     3 ||     3
  Use: Scroll            |     3 |       |       ||     3
       Potion            |       |       |     1 ||     1
  Eat: Chunk             |       |    20 |    13 ||    33
